 Dungeon Crawl Stone Soup version 0.29.1-15-g9cfb28693d (webtiles) character file.

Game seed: 8863387531360698048

745 adizb the Chopper (level 7, -7/63 HPs)
             Began as a Minotaur Fighter on Apr 22, 2023.
             Mangled by an iguana (8 damage)
             ... on level 5 of the Dungeon.
             The game lasted 00:12:08 (3284 turns).

adizb the Chopper (Minotaur Fighter)                Turns: 3284, Time: 00:12:11

Health: -7/63      AC:  8    Str: 23    XL:     7   Next: 47%
Magic:  6/6        EV:  8    Int:  5    God:
Gold:   324        SH:  9    Dex:  9    Spells: 6/6 levels left

rFire   . . .      SeeInvis .   a - +0 war axe
rCold   . . .      Faith    .   n - +1 kite shield
rNeg    . . .      Spirit   .   b - +0 scale mail
rPois   .          Reflect  .   (helmet restricted)
rElec   .          Harm     .   g - +0 cloak
rCorr   .          Rampage  .   (no gloves)
Will    .....                   (no boots)
Stlth   ..........              (no amulet)
HPRegen 0.20/turn               (no ring)
MPRegen 0.10/turn               (no ring)

@: mighty, invisible
A: horns 2, retaliatory headbutt
a: no special abilities


You were on level 5 of the Dungeon.
You visited 1 branch of the dungeon, and saw 5 of its levels.

You collected 324 gold pieces.

Inventory:

Hand Weapons
 a - a +0 war axe (weapon)
Armour
 b - a +0 scale mail (worn)
 c - a +0 buckler
 g - a +0 cloak (worn)
 n - a +1 kite shield (worn)
Jewellery
 k - a ring of magical power
Scrolls
 h - 2 scrolls of silence
 m - a scroll of vulnerability
 s - a scroll of teleportation
Potions
 e - a potion of ambrosia {unknown}
 f - a potion of attraction {unknown}
 i - a potion of curing {unknown}
 j - 3 potions of lignification {unknown}
 l - 3 potions of brilliance {unknown}
 p - a potion of haste {unknown}
 q - 2 potions of magic
 r - a potion of heal wounds {unknown}


   Skills:
 * Level 6.0 Fighting
 * Level 7.0 Axes
 + Level 5.8 Armour
 + Level 4.9 Shields


You had 6 spell levels left.
You didn't know any spells.
Your spell library contained the following spells:

 Spells                   Type           Power      Damage    Failure   Level
 Sandblast                Erth           0%         2d4       98%         1
 Passwall                 Tmut/Erth      0%         N/A       99%         2
 Call Canine Familiar     Summ           0%         N/A       100%        3
 Conjure Flame            Conj/Fire      0%         6-21      100%        3
 Ignite Poison            Fire/Tmut/Pois 0%         N/A       100%        3
 Portal Projectile        Hex/Tloc       0%         N/A       100%        3
 Stone Arrow              Conj/Erth      0%         3d7       100%        3
 Leda's Liquefaction      Hex/Erth       0%         N/A       100%        4
 Sticky Flame             Conj/Fire      0%         2d3       100%        4
 Summon Forest            Summ/Tloc      0%         N/A       100%        5
 Eringya's Noxious Bog    Tmut/Pois      0%         N/A       100%        6
 Summon Hydra             Summ           0%         N/A       100%        7


Dungeon Overview and Level Annotations

Branches:
Dungeon (5/15)
 Temple: D:4-7

Altars:
Elyvilon
Hepliaklqana
Nemelex Xobeh
Uskayaw
Yredelemnul

Shops:
D:4 *

Annotations:
D:4 3 runed translucent doors, turtlewat's ghost, amateur SpCj
D:5 Pikel


Innate Abilities, Weirdness & Mutations

You have a pair of horns on your head.
You reflexively headbutt those who attack you in melee.


Message History

You barely miss Pikel.
Pikel is moderately wounded.
You barely miss the lemure.
Pikel hits you with a +1 whip of freezing.
Pikel freezes you. The lemure hits you but does no damage.
Pikel hits you but does no damage. The lemure barely misses you.
You furiously retaliate!
You headbutt the lemure!
You feel very mighty all of a sudden. You block Pikel's attack.
You block the iguana's attack. The lemure barely misses you.
You barely miss Pikel.
Pikel is moderately wounded.
You hit the lemure. You closely miss the iguana.
The iguana hisses menacingly.
The iguana bites you!
Pikel hits you with a +1 whip of freezing.
* * * LOW HITPOINT WARNING * * *
Pikel freezes you.
* * * LOW HITPOINT WARNING * * *
You block the lemure's attack.
You closely miss Pikel. You headbutt Pikel!
Pikel is severely wounded.
You slash the lemure! You closely miss the iguana. You block Pikel's attack.
The iguana closely misses you. The lemure closely misses you.
You barely miss Pikel.
Pikel is severely wounded.
You slash the iguana! You closely miss the lemure.
Pikel hits you with a +1 whip of freezing.
* * * LOW HITPOINT WARNING * * *
Pikel freezes you.
* * * LOW HITPOINT WARNING * * *
The lemure hits you but does no damage.
A lemure opens the door.
The iguana misses you.
You fade into invisibility!
Pikel hits you with a +1 whip of freezing.
* * * LOW HITPOINT WARNING * * *
Pikel freezes you.
* * * LOW HITPOINT WARNING * * *
The lemure hits you but does no damage. The iguana bites you!
You die...

##### ##...##
##.....##
#.......#
#..<....#
#.......####+
##.......#..#
##.....@##..#
#.....lK55..+
#......5.#..#
#........#..#
##.......'##+ #
##......#..#.#
####...#..#.+
#...+..)###+###
#...#.K#.......


You could see Pikel (unable to see you), 3 lemures and an iguana (unable to see
you).

Vanquished Creatures
  Sigmund (D:3)
  A sky beast (D:4)
  2 jellies
  A hound (D:4)
  3 orc priests
  Natasha (thrice) (D:3)
  2 orc wizards (D:3)
  3 gnolls (D:4)
  6 adders
  A white imp (D:5)
  An ufetubus (D:4)
  4 worms
  3 dart slugs
  14 orcs
  5 bats
  2 endoplasms
  5 giant cockroaches
  10 goblins
  A hobgoblin (D:3)
  2 jackals (D:3)
  4 kobolds
  2 quokkas
  7 ball pythons
  4 rats
87 creatures vanquished.

Notes
Turn   | Place    | Note
-------+----------+-------------------------------------------
     0 | D:1      | adizb the Minotaur Fighter began the quest for the Orb.
     0 | D:1      | Reached XP level 1. HP: 19/19 MP: 0/0
   147 | D:1      | Reached XP level 2. HP: 27/27 MP: 1/1
   188 | D:1      | Reached skill level 3 in Axes
   594 | D:2      | Found a faded altar of an unknown god.
   647 | D:2      | Reached skill level 4 in Axes
   647 | D:2      | Reached XP level 3. HP: 29/33 MP: 2/2
   738 | D:2      | Reached XP level 4. HP: 33/41 MP: 3/3
  1148 | D:3      | Noticed Natasha
  1148 | D:3      | You fall into a shaft and drop 1 floor!
  1284 | D:3      | Found a white marble altar of Elyvilon.
  1591 | D:3      | Found a hide-covered altar of Uskayaw.
  1656 | D:3      | Found a sparkling altar of Nemelex Xobeh.
  1693 | D:3      | Reached XP level 5. HP: 46/47 MP: 4/4
  1834 | D:3      | Reached skill level 5 in Axes
  1990 | D:3      | Killed Natasha
  2059 | D:3      | Reached skill level 5 in Fighting
  2059 | D:3      | Reached skill level 5 in Armour
  2075 | D:3      | Reached XP level 6. HP: 15/56 MP: 5/5
  2371 | D:3      | Noticed Sigmund
  2376 | D:3      | Killed Sigmund
  2377 | D:3      | Reached skill level 6 in Axes
  2386 | D:3      | Noticed Natasha
  2395 | D:3      | Killed Natasha
  2432 | D:3      | Noticed Natasha
  2438 | D:3      | Killed Natasha
  2472 | D:4      | Reached XP level 7. HP: 46/61 MP: 6/6
  2521 | D:4      | Found a basalt altar of Yredelemnul.
  2790 | D:4      | Found a runed translucent gate.
  2791 | D:4      | Found a runed translucent gate.
  2791 | D:4      | Noticed turtlewat's ghost (amateur SpCj)
  2792 | D:4      | Found a runed translucent gate.
  2873 | D:4      | Found a hazy altar of Hepliaklqana.
  2932 | D:4      | Found Lani's General Store.
  3163 | D:5      | Entered Level 5 of the Dungeon
  3168 | D:5      | Reached skill level 7 in Axes
  3255 | D:5      | Noticed Pikel
  3284 | D:5      | HP: 2/63 [Pikel/+1 whip of freezing (4)]
  3284 | D:5      | Mangled by an iguana

Illustrated notes

Levels and vault maps discovered:
D:1:      minmay_arrival_pointy, layout_rooms
D:2:      layout_basic, shapermc_ecumenical_altar_flowoftime
D:3:      layout_loops_ring, nemelex_diamond_rough_becter, old_standard_altar,
          lemuel_tele_altar, minmay_tree_intersection, uniq_natasha,
          uniq_sigmund
D:4:      layout_loops_ring, mainiacjoe_overflow_surrounded_room,
          lemuel_round_altar, biasface_ghost_orc_armoury, serial_shops,
          nicolae_shop_hallway_stairs
D:5:      layout_rooms, mainiacjoe_overflow_24_doors, lemuel_crystal_altar,
          uniq_pikel, uniq_menkaure

Skill      XL: |  1  2  3  4  5  6  7 |
---------------+----------------------+-----
Axes           | 4 5 6 7 |  7.0
Fighting       | 4 5 6 |  6.0
Armour         | 4 5 |  5.8
Shields        | 4 |  4.9

Action                   |  1- 3 |  4- 6 |  7- 9 || total
-------------------------+-------+-------+-------++-------
Melee: War axe           |    46 |   122 |    64 ||   232
       Headbutt          |     6 |    18 |    12 ||    36
  Use: Scroll            |     4 |     4 |     3 ||    11
       Potion            |       |       |     2 ||     2
Armor: Scale mail        |    18 |    59 |    23 ||   100
Dodge: Dodged            |    31 |    47 |    17 ||    95
Block: Kite shield       |       |    15 |    33 ||    48
